 Dungeon Crawl Stone Soup version 0.26-a0-599-gc8f6553d2c (webtiles) character file.

Game seed: 12418601432364639074

278 ANON1729 the Shield-Bearer (level 6, 0/43 HPs)
             Began as an Octopode Fighter on Aug 29, 2020.
             Slain by an orc priest
             ... wielding a +0 dagger
              (3 damage)
             ... on level 4 of the Dungeon.
             The game lasted 00:02:57 (2763 turns).

ANON1729 the Shield-Bearer (Octopode Fighter)       Turns: 2763, Time: 00:02:58

Health: 0/43       AC:  1    Str: 17    XL:     6   Next: 26%
Magic:  6/6        EV: 12    Int: 10    God:
Gold:   187        SH:  9    Dex: 12    Spells: 5/5 levels left

rFire    . . .     SeeInvis .   a - +0 long sword
rCold    . . .     Faith    .   b - +0 kite shield
rNeg     . . .     Spirit   .   (helmet restricted)
rPois    .         Reflect  .   (no amulet)
rElec    .         Harm     .   (no ring)
rCorr    .                      (no ring)
MR       .....                  (no ring)
Stlth    +++.......             (no ring)
HPRegen  0.14/turn              (no ring)
MPRegen  0.10/turn              (no ring)
                                (no ring)
                                (no ring)

@: no status effects
A: almost no armour, stealthy swim, amphibious, 8 rings, constrict 8, camouflage
1, gelatinous body 1
a: no special abilities


You were on level 4 of the Dungeon.
You visited 1 branch of the dungeon, and saw 4 of its levels.

You collected 187 gold pieces.

Inventory:

Hand Weapons
 a - a +0 long sword (weapon)
Armour
 b - a +0 kite shield (worn)
Magical Staves
 o - an uncursed staff of poison {unknown}
Jewellery
 p - an uncursed amulet of faith {unknown}
Scrolls
 e - a scroll of blinking {unknown}
 g - 3 scrolls of remove curse {unknown}
 i - 3 scrolls of identify {unknown}
 j - 2 scrolls of amnesia {unknown}
 l - a scroll of enchant armour {unknown}
 n - a scroll of teleportation {unknown}
Potions
 c - a potion of might
 d - a potion of curing {unknown}
 f - a potion of mutation {unknown}
 h - a potion of flight {unknown}
 k - a potion of brilliance {unknown}
 m - a potion of degeneration {unknown}
 q - a potion of heal wounds {unknown}


   Skills:
 + Level 4.1 Fighting
 + Level 3.4 Long Blades
 + Level 4.1 Dodging
 + Level 2.6 Stealth
 + Level 4.1 Shields


You had 5 spell levels left.
You didn't know any spells.
Your spell library was empty.

Dungeon Overview and Level Annotations

Branches:
Dungeon (4/15)
 Temple: D:4-7

Altars:
Elyvilon
Gozag


Innate Abilities, Weirdness & Mutations

You cannot wear most types of armour.
You are very stealthy in the water. (Stealth+)
You are amphibious.
You can wear up to eight rings at the same time.
You can use your tentacles to constrict eight enemies at once.
Your skin changes colour to match your surroundings (Stealth+).
Your rubbery body absorbs attacks. (AC +1, EV +1)


Message History

The orc hits you with a +0 flail!
You are too injured to fight recklessly!
You are too injured to fight recklessly!
The orc priest shouts!
You slash the orc!
You kill the orc!
You constrict the orc.
You kill the orc!
The orc priest invokes the aid of Beogh against you.
Pain shoots through your body!
* * * LOW HITPOINT WARNING * * *
Things that are here:
a cursed +0 flail; a +0 chain mail You hit the orc priest.
Your grab misses the orc priest.
You squeeze the orc priest, but do no damage.
The orc priest is lightly wounded.
The orc priest hits you with a +0 dagger.
* * * LOW HITPOINT WARNING * * *
The orc priest hits you with a +0 dagger.
You die...

....#....#####.#######
#.........##.......#
#######.........########.#
................# #.#
.........##)###### #.#
...........).....## #.#
..........#.......## #.#
........o.#........# #.#
##+#+####@).....<..#####.#
#.)........#.....#
#..........#.#####
+...######.#.# ##..#
#.#.#..# ##..######.#.#..#
...........#.#..#
##..##.#.....#..##
#.##............


You could see an orc priest.

Vanquished Creatures
  3 orc priests
  An iguana (D:4)
  A worker ant (D:2)
  A gnoll (D:1)
  5 adders
  2 oozes (D:2)
  2 worms (D:2)
  3 leopard geckos
  9 orcs
  3 giant cockroaches
  3 hobgoblins
  7 jackals
  5 kobolds
  7 bats
  8 frilled lizards
  5 goblins
  3 rats
68 creatures vanquished.

Notes
Turn   | Place    | Note
-------+----------+-------------------------------------------
     0 | D:1      | ANON1729 the Octopode Fighter began the quest for the Orb.
     0 | D:1      | Reached XP level 1. HP: 16/16 MP: 1/1
    61 | D:1      | Reached XP level 2. HP: 9/21 MP: 2/2
   842 | D:2      | Reached XP level 3. HP: 26/26 MP: 3/3
  1246 | D:2      | Reached XP level 4. HP: 30/31 MP: 4/4
  1603 | D:2      | Reached skill level 1 in Stealth
  1917 | D:2      | Reached XP level 5. HP: 31/37 MP: 5/5
  2181 | D:3      | Found an opulent altar of Gozag.
  2506 | D:3      | Found a white marble altar of Elyvilon.
  2739 | D:4      | Reached XP level 6. HP: 39/43 MP: 6/6
  2763 | D:4      | Slain by an orc priest

Illustrated notes

Levels and vault maps discovered:
D:1:      scummos_arrival_simple_crosswalls, layout_loops_cross,
          chequers_serial_rivers_micro_d
D:2:      layout_rooms, minmay_tromino_i4
D:3:      layout_rooms, elyvilon_altar_5,
          nicolae_gozag_cash_rules_everything_around_me
D:4:      layout_basic, minmay_temple_entry_proselytizer,
          ebering_ghost_reflecting_pool, lightli_sewer_entry_pipes,
          uniq_menkaure

Skill      XL: |  1  2  3  4  5 |
---------------+----------------+-----
Stealth        | 1 2 |  2.6
Long Blades    | 3 |  3.4
Fighting       | 4 |  4.1
Dodging        | 4 |  4.1
Shields        | 4 |  4.1

Action                   |  1- 3 |  4- 6 || total
-------------------------+-------+-------++-------
Melee: Long sword        |    43 |    75 ||   118
       Constrict         |    16 |    23 ||    39
       Tentacles         |     8 |    16 ||    24
 Stab: Sleeping          |     4 |     6 ||    10
Armor: Skin              |     3 |     2 ||     5
Dodge: Dodged            |    27 |    37 ||    64
Block: Kite shield       |    15 |    34 ||    49
       Rpst.: Long sword |     6 |    12 ||    18

Table legend: (Time is in decaauts)
 A = Elapsed time spent in this place.
 B = Non-inter-level travel time spent in this place.
 C = Inter-level travel time spent in this place.
 D = Time resting spent in this place.
 E = Time spent auto-exploring this place.
 F = Levels seen in this place.
 G = Mean time per level.
                   A        B        C        D        E       F      G
               +--------+--------+--------+--------+--------+-----+--------+
         Total |   2802 |   2759 |     43 |   1421 |    920 |   4 |  700.5 |
       Dungeon |   2802 |   2759 |     43 |   1421 |    920 |   4 |  700.5 |
               +--------+--------+--------+--------+--------+-----+--------+

Top non-repeatable levels by time:
     D:2: 1320 daAuts
     D:1: 840 daAuts
     D:3: 548 daAuts
     D:4: 93 daAuts
